3L
SEATTLE AVIATORS @ CHICAGO HAWKS
09/14/2029
 
TOP OF THE 1ST
Seattle Aviators batting - Pitching for Chicago Hawks : RHP Lucas Begay
Pitching: RHP Lucas Begay
Batting: LHB Jorge Ortíz 0-0: Ball
1-0: Ground out U3 (Groundball, 34S)
Batting: LHB Vinski Prifti 0-0: Ball
1-0: Foul Ball, location: 2F
1-1: Foul Ball, location: 2F
1-2: Foul Ball, location: 2F
1-2: Foul Ball, location: 2F
1-2: Foul Ball, location: 2F
1-2: Foul Ball, location: 2F
1-2: Ball
2-2: Strikes out looking
Batting: LHB Jorge Mojica 0-0: Ball
1-0: Swinging Strike
1-1: Foul Ball, location: 2F
1-2: Ball
2-2: Ball
3-2: Strikes out looking
Top of the 1st over - 0 runs, 0 hits, 0 errors, 0 left on base; Seattle 0 - Chicago 0
BOTTOM OF THE 1ST
Chicago Hawks batting - Pitching for Seattle Aviators : RHP Ron Stone
Pitching: RHP Ron Stone
Batting: RHB Luis Rodríguez 0-0: Ball
1-0: Ball
2-0: Ball
3-0: Base on Balls
Batting: RHB Paddy Hodnett 0-0: Ball
Luis Rodríguez steals 2nd base
1-0: Swinging Strike
1-1: Fly out, F4 (Popup, 13)
Batting: LHB Jeff Simpson 0-0: Swinging Strike
0-1: Foul Ball, location: 2F
0-2: Ball
1-2: Ball
2-2: Ball
3-2: Fly out, F7 (Flyball, 7)
Batting: RHB Enrique Marroquín 0-0: Swinging Strike
0-1: Ball
1-1: Swinging Strike
1-2: Foul Ball, location: 2F
1-2: Ball
2-2: Ground out 6-3 (Groundball, 6)
Bottom of the 1st over - 0 runs, 0 hits, 0 errors, 1 left on base; Seattle 0 - Chicago 0
TOP OF THE 2ND
Seattle Aviators batting - Pitching for Chicago Hawks : RHP Lucas Begay
Batting: LHB Kenny Webster 0-0: Ball
1-0: Swinging Strike
1-1: Ball
2-1: SINGLE (Groundball, 4MD)
Batting: RHB Byron Isaacson 0-0: Foul Ball, location: 2F
0-1: Ball
1-1: Foul Ball, location: 2F
1-2: Ball
2-2: Ball
3-2: Base on Balls
Kenny Webster to second
Batting: RHB Seon-keun Kim 0-0: Ball
1-0: Grounds into double play, 5-4-3 (Groundball, 5)
Kenny Webster to third
Batting: RHB José Rodríguez 0-0: Ball
1-0: Foul Ball, location: 2F
1-1: Fly out, F8 (Flyball, 8LD)
Top of the 2nd over - 0 runs, 1 hit, 0 errors, 1 left on base; Seattle 0 - Chicago 0
BOTTOM OF THE 2ND
Chicago Hawks batting - Pitching for Seattle Aviators : RHP Ron Stone
Batting: LHB Curt Wilson 0-0: Fly out, F9 (Line Drive, 9)
Batting: RHB Curt Kenney 0-0: Foul Ball, location: 2F
0-1: Swinging Strike
0-2: Ball
1-2: Ball
2-2: Fly out, F8 (Flyball, 8RXD)
Batting: SHB Luis Manuel Flores 0-0: Ball
1-0: Ground out 4-3 (Groundball, 4)
Bottom of the 2nd over - 0 runs, 0 hits, 0 errors, 0 left on base; Seattle 0 - Chicago 0
TOP OF THE 3RD
Seattle Aviators batting - Pitching for Chicago Hawks : RHP Lucas Begay
Batting: RHB Patrick Eggen 0-0: Called Strike
0-1: Called Strike
0-2: Ball
1-2: Strikes out swinging
Batting: SHB Nuygen Vuong 0-0: Ball
1-0: SINGLE (Groundball, 34D)
Batting: LHB Jorge Ortíz 0-0: Ball
Nuygen Vuong is caught stealing 2nd base
1-0: Foul Ball, location: 2F
1-1: Called Strike
1-2: Ball
2-2: Strikes out looking
Top of the 3rd over - 0 runs, 1 hit, 0 errors, 0 left on base; Seattle 0 - Chicago 0
BOTTOM OF THE 3RD
Chicago Hawks batting - Pitching for Seattle Aviators : RHP Ron Stone
Batting: RHB Vincente Rotham 0-0: Called Strike
0-1: Fly out, F8 (Line Drive, 8RD)
Batting: LHB Perry Bothof 0-0: Ball
1-0: Called Strike
1-1: Ball
2-1: Foul Ball, location: 2F
2-2: Ball
3-2: Base on Balls
Batting: RHB Luis Rodríguez 0-0: Fielders Choice at 2nd, 1-6 (Groundball, 13)
Batting: RHB Paddy Hodnett 0-0: Ball
1-0: Fly out, F9 (Flyball, 9S)
Bottom of the 3rd over - 0 runs, 0 hits, 0 errors, 1 left on base; Seattle 0 - Chicago 0
TOP OF THE 4TH
Seattle Aviators batting - Pitching for Chicago Hawks : RHP Lucas Begay
Batting: LHB Vinski Prifti 0-0: Ball
1-0: SINGLE (Line Drive, 7S)
Batting: LHB Jorge Mojica 0-0: Ball
1-0: Swinging Strike
1-1: Ball
2-1: Ground out U3 (Groundball, 3)
Vinski Prifti to second
Batting: LHB Kenny Webster 0-0: Ball
1-0: Ball
2-0: Foul Ball, location: 2F
2-1: SINGLE (Line Drive, 34)
Vinski Prifti to third
Runner from 3rd tries for Home, SAFE, throw made home
Batting: RHB Byron Isaacson 0-0: Ball
1-0: Ball
2-0: Foul Ball, location: 2F
2-1: Swinging Strike
2-2: Foul Ball, location: 2F
2-2: Strikes out swinging
Batting: RHB Seon-keun Kim 0-0: Called Strike
0-1: Foul Ball, location: 2F
0-2: Strikes out swinging
Top of the 4th over - 1 run, 2 hits, 0 errors, 1 left on base; Seattle 1 - Chicago 0
BOTTOM OF THE 4TH
Chicago Hawks batting - Pitching for Seattle Aviators : RHP Ron Stone
Batting: LHB Jeff Simpson 0-0: Foul Ball, location: 2F
0-1: SINGLE (Groundball, 34D)
Batting: RHB Enrique Marroquín 0-0: Ball
1-0: Ball
2-0: Ball
3-0: Called Strike
3-1: Base on Balls
Jeff Simpson to second
Batting: LHB Curt Wilson 0-0: Foul Ball, location: 2F
0-1: Ball
1-1: Ball
2-1: Grounds into double play, 4-6-3 (Groundball, 4)
Jeff Simpson to third
Batting: RHB Curt Kenney 0-0: Called Strike
0-1: Ground out U3 (Groundball, 3)
Bottom of the 4th over - 0 runs, 1 hit, 0 errors, 1 left on base; Seattle 1 - Chicago 0
TOP OF THE 5TH
Seattle Aviators batting - Pitching for Chicago Hawks : RHP Lucas Begay
Batting: RHB José Rodríguez 0-0: Called Strike
0-1: Ball
1-1: Ball
2-1: Swinging Strike
2-2: Ball
3-2: Strikes out swinging
Batting: RHB Patrick Eggen 0-0: Fly out, F4 (Line Drive, 4)
Batting: SHB Nuygen Vuong 0-0: Called Strike
0-1: Called Strike
0-2: Ball
1-2: Foul Ball, location: 2F
1-2: Ball
2-2: DOUBLE (Line Drive, 89XD)
Batting: LHB Jorge Ortíz 0-0: Called Strike
0-1: Ball
Nuygen Vuong steals 3rd base
1-1: Foul Ball, location: 2F
1-2: Ball
2-2: Foul Ball, location: 2F
2-2: Ground out 1-3 (Groundball, P)
Top of the 5th over - 0 runs, 1 hit, 0 errors, 1 left on base; Seattle 1 - Chicago 0
BOTTOM OF THE 5TH
Chicago Hawks batting - Pitching for Seattle Aviators : RHP Ron Stone
Batting: SHB Luis Manuel Flores 0-0: Called Strike
0-1: Foul Ball, location: 2F
0-2: Strikes out swinging
Batting: RHB Vincente Rotham 0-0: Ball
1-0: Ball
2-0: Ground out 4-3 (Groundball, 4)
Batting: LHB Perry Bothof 0-0: Ball
1-0: Foul Ball, location: 2F
1-1: SOLO HOME RUN (Flyball, 78XD), Distance : 375 ft
Batting: RHB Luis Rodríguez 0-0: Ball
1-0: Ball
2-0: Called Strike
2-1: Called Strike
2-2: SINGLE (Groundball, 6MD)
Batting: RHB Paddy Hodnett 0-0: Called Strike
Luis Rodríguez steals 2nd base
0-1: Foul Ball, location: 2F
0-2: Ball
1-2: Ball
2-2: Ground out 4-3 (Groundball, 4)
Bottom of the 5th over - 1 run, 2 hits, 0 errors, 1 left on base; Seattle 1 - Chicago 1
TOP OF THE 6TH
Seattle Aviators batting - Pitching for Chicago Hawks : RHP Lucas Begay
Batting: LHB Vinski Prifti 0-0: Foul Ball, location: 2F
0-1: Ball
1-1: Ground out 4-3 (Groundball, 4MS)
Batting: LHB Jorge Mojica 0-0: Called Strike
0-1: Called Strike
0-2: Ball
1-2: Strikes out looking
Batting: LHB Kenny Webster 0-0: Ball
1-0: Ball
2-0: Ball
3-0: Called Strike
3-1: SINGLE (Line Drive, 4MD)
Batting: RHB Byron Isaacson 0-0: Foul Ball, location: 2F
0-1: Ball
1-1: Ball
2-1: Called Strike
2-2: Foul Ball, location: 2F
2-2: Strikes out swinging
Top of the 6th over - 0 runs, 1 hit, 0 errors, 1 left on base; Seattle 1 - Chicago 1
BOTTOM OF THE 6TH
Chicago Hawks batting - Pitching for Seattle Aviators : RHP Ron Stone
Batting: LHB Jeff Simpson 0-0: Ball
1-0: Ball
2-0: Foul Ball, location: 2F
2-1: Called Strike
2-2: Foul Ball, location: 2F
2-2: Foul Ball, location: 2F
2-2: DOUBLE (Line Drive, 9LM)
Batting: RHB Enrique Marroquín 0-0: Intentional Walk
Batting: LHB Curt Wilson 0-0: Called Strike
0-1: Swinging Strike
0-2: Ball
1-2: Foul Ball, location: 2F
1-2: Ball
2-2: Grounds into double play, U6-3 (Groundball, 4MD)
Jeff Simpson to third
Batting: RHB Curt Kenney 0-0: Ball
1-0: Called Strike
1-1: Hit by Pitch
Batting: SHB Luis Manuel Flores 0-0: Foul Ball, location: 2F
0-1: Fly out, F9 (Flyball, 89D)
Bottom of the 6th over - 0 runs, 1 hit, 0 errors, 2 left on base; Seattle 1 - Chicago 1
TOP OF THE 7TH
Seattle Aviators batting - Pitching for Chicago Hawks : RHP Lucas Begay
Batting: RHB Seon-keun Kim 0-0: Foul Ball, location: 2F
0-1: Ball
1-1: Ball
2-1: Foul Ball, location: 2F
2-2: Ball
3-2: Ground out 6-3 (Groundball, 6)
Batting: RHB José Rodríguez 0-0: Foul Ball, location: 2F
0-1: Foul Ball, location: 2F
0-2: Strikes out swinging
Batting: RHB Patrick Eggen 0-0: Swinging Strike
0-1: Ball
1-1: Foul Ball, location: 2F
1-2: Fly out, F8 (Line Drive, 8RM)
Top of the 7th over - 0 runs, 0 hits, 0 errors, 0 left on base; Seattle 1 - Chicago 1
BOTTOM OF THE 7TH
Chicago Hawks batting - Pitching for Seattle Aviators : RHP Ron Stone
Batting: RHB Vincente Rotham 0-0: Called Strike
0-1: Swinging Strike
0-2: Ball
1-2: Ball
2-2: Foul Ball, location: 2F
2-2: SINGLE (Line Drive, 89M)
Batting: LHB Perry Bothof 0-0: Ball
1-0: Ground out 3-1 (Groundball, 34S)
Vincente Rotham to second
Pitching: RHP José Muñóz
Batting: RHB Luis Rodríguez 0-0: Foul Ball, location: 2F
0-1: Ball
1-1: Foul Ball, location: 2F
1-2: Ball
2-2: Strikes out swinging
Batting: RHB Paddy Hodnett 0-0: Called Strike
0-1: DOUBLE (Flyball, 8RXD)
Vincente Rotham scores
Batting: LHB Jeff Simpson 0-0: Intentional Walk
Batting: RHB Enrique Marroquín 0-0: Swinging Strike
0-1: Ball
1-1: Ball
2-1: Ball
3-1: Foul Ball, location: 2F
3-2: Foul Ball, location: 2F
3-2: Hit by Pitch
Paddy Hodnett to third
Jeff Simpson to second
Batting: LHB Curt Wilson 0-0: SINGLE (Groundball, 6D)
Paddy Hodnett scores
Jeff Simpson to third
Enrique Marroquín to second
Runner from 3rd tries for Home, SAFE, no throw
Pitching: RHP John Woods
Batting: RHB Curt Kenney 0-0: Called Strike
0-1: Ball
1-1: 3-RUN HOME RUN (Flyball, 78XD), Distance : 394 ft
Batting: SHB Luis Manuel Flores 0-0: Ball
1-0: Ball
2-0: SINGLE (Flyball, 8LS)
Batting: RHB Vincente Rotham 0-0: Foul Ball, location: 2F
0-1: Foul Ball, location: 2F
0-2: Fielders Choice at 2nd, 6-4 (Groundball, 6)
Bottom of the 7th over - 6 runs, 5 hits, 0 errors, 1 left on base; Seattle 1 - Chicago 7
TOP OF THE 8TH
Seattle Aviators batting - Pitching for Chicago Hawks : RHP Lucas Begay
Now at SS: Lorenzo Sabastro
Batting: SHB Nuygen Vuong 0-0: Called Strike
0-1: Ball
1-1: Foul Ball, location: 2F
1-2: SINGLE (Flyball, 89S)
Pitching: RHP César Galló
Batting: LHB Jorge Ortíz 0-0: Ball
1-0: Called Strike
1-1: Called Strike
1-2: Ball
2-2: Fly out, F9 (Flyball, 9S)
Batting: LHB Vinski Prifti 0-0: Ball
1-0: Grounds into double play, 4-6-3 (Groundball, 4)
Top of the 8th over - 0 runs, 1 hit, 0 errors, 0 left on base; Seattle 1 - Chicago 7
BOTTOM OF THE 8TH
Chicago Hawks batting - Pitching for Seattle Aviators : RHP John Woods
Batting: LHB Perry Bothof 0-0: Swinging Strike
0-1: Ball
1-1: Swinging Strike
1-2: Foul Ball, location: 2F
1-2: Foul Ball, location: 2F
1-2: Ball
2-2: Foul Ball, location: 2F
2-2: Foul Ball, location: 2F
2-2: Ball
3-2: Fly out, F9 (Line Drive, 9)
Batting: RHB Luis Rodríguez 0-0: Ball
1-0: Called Strike
1-1: Ground out 4-3 (Groundball, 4)
Batting: RHB Paddy Hodnett 0-0: Ball
1-0: Ball
2-0: Called Strike
2-1: Ball
3-1: Called Strike
3-2: Foul Ball, location: 2F
3-2: Strikes out looking
Bottom of the 8th over - 0 runs, 0 hits, 0 errors, 0 left on base; Seattle 1 - Chicago 7
TOP OF THE 9TH
Seattle Aviators batting - Pitching for Chicago Hawks : RHP César Galló
Batting: LHB Jorge Mojica 0-0: Ball
1-0: Called Strike
1-1: Foul Ball, location: 2F
1-2: Ball
2-2: SINGLE (Groundball, 5D)
Batting: LHB Kenny Webster 0-0: Called Strike
0-1: Foul Ball, location: 2F
0-2: Grounds into double play, 6-4-3 (Groundball, 6)
Batting: RHB Byron Isaacson 0-0: Ball
1-0: Called Strike
1-1: Swinging Strike
1-2: Ball
2-2: Ball
3-2: Foul Ball, location: 2F
3-2: Foul Ball, location: 2F
3-2: Strikes out swinging
Top of the 9th over - 0 runs, 1 hit, 0 errors, 0 left on base; Seattle 1 - Chicago 7
Tuesday, December 19th, 2017 - OOTP Baseball 18.8 Build 76